 Dungeon Crawl Stone Soup version 0.21.0-3-g78d12a8 (webtiles) character file.

11139 komo4ek the Thaumaturge (level 11, -4/55 HPs)
             Began as a Deep Elf Fire Elementalist on Jan 16, 2018.
             Was a High Priest of Hepliaklqana.
             Shot with an arrow by Nessos (14 damage)
             ... on level 12 of the Dungeon.
             The game lasted 00:56:12 (13468 turns).

komo4ek the Thaumaturge (DEFE)                     Turns: 13468, Time: 00:56:14

Health: -4/55      AC: 13    Str:  5    XL:     11   Next: 45%
Magic:  28/28      EV: 15    Int: 24    God:    Hepliaklqana [*****.]
Gold:   380        SH:  0    Dex: 15    Spells: 8/33 levels left

rFire    . . .     SeeInvis .   m - +3 quarterstaff (chaos)
rCold    . . .     Gourm    .   (shield currently unavailable)
rNeg     . . .     Faith    .   w - +0 troll leather armour
rPois    .         Spirit   .   O - +0 helmet
rElec    .         Reflect  .   u - +2 cloak
rCorr    .         Harm     .   (no gloves)
MR       ++...                  H - +0 pair of boots
Stlth    ++........             G - amulet of magic regeneration
HPRegen  0.58/turn              D - ring of protection from magic
MPRegen  0.46/turn              v - +3 ring of protection

@: lethally poisoned (-4 -> -10), very slightly contaminated
A: reduced essence
a: Recall Ancestor, Ancestor Identity, Transference, Idealise, Renounce Religion


You were on level 12 of the Dungeon.
You worshipped Hepliaklqana.
Hepliaklqana was extremely pleased with you.
You were not hungry.

You visited 1 branch of the dungeon, and saw 13 of its levels.

You collected 490 gold pieces.
You spent 110 gold pieces at shops.

Inventory:

Hand Weapons
 e - a +0 short sword
 m - a +3 quarterstaff of chaos (weapon)
Armour
 a - a +0 robe
 u - a +2 cloak (worn)
 w - a +0 troll leather armour (worn)
 H - a +0 pair of boots (worn)
 O - a +0 helmet (worn)
Jewellery
 t - an uncursed ring of protection from fire
 v - a +3 ring of protection (right hand)
 D - a ring of protection from magic (left hand)
 E - an uncursed ring of positive energy
 F - a +3 ring of evasion
 G - an amulet of magic regeneration (around neck)
Wands
 o - a wand of flame (47)
 I - a wand of random effects (26)
 J - a wand of digging (7)
 N - a wand of clouds (5)
Scrolls
 h - 4 scrolls of enchant weapon
 i - a scroll of remove curse
 k - 2 scrolls of fog {unknown}
 l - 5 scrolls of enchant armour {unknown}
 n - 4 scrolls of amnesia {unknown}
 q - 7 scrolls of teleportation
 r - a scroll of magic mapping {unknown}
 x - 2 scrolls of fear {unknown}
 y - a scroll of noise {unknown}
 z - a scroll of blinking
 C - 3 scrolls of immolation {unknown}
 K - 5 scrolls of identify
Potions
 d - 5 potions of curing
 f - a potion of haste {unknown}
 g - a potion of invisibility {unknown}
 j - 2 potions of brilliance
 p - 4 potions of heal wounds
 s - 3 potions of berserk rage
 A - a potion of magic {unknown}
 B - 4 potions of degeneration {unknown}
Books
 b - a book of Flames

   Spells                             Type                      Level
   a - Flame Tongue                   Conjuration/Fire             1
   b - Throw Flame                    Conjuration/Fire             2
   c - Conjure Flame                  Conjuration/Fire             3
   d - Inner Flame                    Hexes/Fire                   3
   e - Sticky Flame                   Conjuration/Fire             4
   f - Fireball                       Conjuration/Fire             5
 L - a book of Power

   Spells                             Type                      Level
   a - Iskenderun's Battlesphere      Conjuration/Charms           5
   b - Venom Bolt                     Conjuration/Poison           5
   c - Bolt of Magma                  Conjuration/Fire/Earth       5
   d - Iron Shot                      Conjuration/Earth            6
   e - Orb of Destruction             Conjuration                  7
   f - Spellforged Servitor           Conjuration/Summoning        7
Comestibles
 c - 14 rations


   Skills:
 + Level 4.4 Fighting
 + Level 4.5 Armour
 + Level 7.1 Dodging
 - Level 2.4 Stealth
 + Level 11.8 Spellcasting
 * Level 7.0 Conjurations
 + Level 3.7 Hexes
 + Level 10.3 Fire Magic
 + Level 5.9 Invocations


You had 8 spell levels left.
You knew the following spells:

 Your Spells              Type           Power        Failure   Level  Hunger
a - Flame Tongue          Conj/Fire      #####        1%          1    None
b - Throw Flame           Conj/Fire      ######       1%          2    None
c - Conjure Flame         Conj/Fire      ######..     1%          3    None
d - Inner Flame           Hex/Fire       #####...     1%          3    None
e - Sticky Flame          Conj/Fire      ######..     1%          4    None
f - Fireball              Conj/Fire      ######....   5%          5    ###....
g - Spellforged Servitor  Conj/Summ      ####......   100%        7    ######.


Dungeon Overview and Level Annotations

Branches:
Dungeon (13/15)            Temple (0/1) D:5            Lair (0/6) D:10
    Orc (0/2) D:11
 Vaults: D:13-14

Altars:
Ashenzari
Cheibriados
Dithmenos
Fedhas
Hepliaklqana
Kikubaaqudgha
Makhleb
Qazlal
Ru
Sif Muna
Uskayaw
Vehumet
Wu Jian
Xom
Zin

Shops:
D:4 !   D:9 *   D:10 *

Annotations:
D:12 Nessos


Message History

Okay, then.
You feel much better.
You feel sick.
The centaur warrior wields a longbow.
The centaur warrior shoots an arrow.
The arrow hits you!!
The centaur wields a shortbow.
The centaur shoots an arrow.
The arrow hits you but does no damage. 2 centaurs come into view.
You feel sick.
The komodo dragon hisses angrily.
The centaur warrior moves out of view.
The centaur wields a glowing shortbow.
It bursts into flame!
The centaur shoots an arrow.
The arrow hits you!
* * * LOW HITPOINT WARNING * * *
The arrow burns you.
* * * LOW HITPOINT WARNING * * *
The centaur shouts!
You climb upwards.
Level annotation: Nessos You feel very sick.
Nessos shoots an arrow.
The arrow closely misses you.
Nessos shoots an arrow.
The arrow hits you!
You die...

..........#.?........#
c/......#.#.†......#.#
........#.#(c........
..(.....#.#<######.#.#
......$.......#......#
.........R.†..#.###.##
.....................(.
###...(.......#.####.#.
#######@#.....#
#.#.##### #.#.# #.#..
#.### #.. ###


You could see the friendly Libusa the hexer (inner flame) and Nessos.

Vanquished Creatures
  2 two-headed ogres
  A troll (D:11)
  Grinder (D:5)
  Sigmund (D:4)
  15 yaks
  2 hungry ghosts (D:11)
  A black bear (D:6)
  A sky beast (D:9)
  An ice beast (D:11)
  An eye of draining (D:11)
  A hornet zombie (D:11)
  6 orc warriors
  A phantom (D:6)
  6 ogres
  4 centaurs
  A crocodile (D:7)
  3 big kobolds (D:11)
  2 wyvern zombies
  2 gnoll sergeants
  4 bullfrogs
  4 scorpions
  The ghost of p0werm0de the Covered, a weakling DDFi (D:3)
  8 killer bees
  4 crimson imps
  2 bullfrog zombies
  4 hounds
  A quasit (D:5)
  5 orc priests
  A centaur skeleton (D:8)
  5 orc wizards
  A bullfrog skeleton (D:4)
  Crazy Yiuf (D:2)
  Ijyb (D:4)
  5 worker ants
  A killer bee zombie (D:7)
  A hound zombie (D:3)
  A hound skeleton (D:7)
  16 gnolls
  3 hexers
  5 adders
  A howler monkey skeleton (D:6)
  3 shadow imps
  2 adder zombies
  3 worms
  5 dart slugs (D:1)
  5 leopard geckos
  15 orcs
  3 ball pythons
  4 giant cockroaches
  5 goblins
  6 hobgoblins (D:1)
  14 jackals
  9 kobolds
  5 quokkas
  11 bats
  5 frilled lizards
  A leopard gecko zombie (D:5)
  10 rats
233 creatures vanquished.

Vanquished Creatures (collateral kills)
  A troll (D:10)
  3 yaks
  A soldier ant (D:10)
  A water moccasin (D:10)
  An orc warrior (D:10)
  An eye of draining (D:9)
  A sky beast (D:7)
  An ogre (D:4)
  3 centaurs
  A big kobold (D:8)
  A scorpion (D:6)
  A killer bee (D:12)
  2 howler monkeys (D:7)
  3 crimson imps
  2 centaur zombies
  4 hounds
  A bullfrog zombie (D:5)
  2 orc priests
  An orc wizard (D:9)
  2 bullfrog skeletons (D:9)
  2 gnoll shamans
  An iguana (D:7)
  3 worker ants (D:4)
  A hound zombie (D:9)
  A howler monkey zombie (D:3)
  14 gnolls
  4 adders
  13 orcs
  2 goblins (D:3)
  2 hobgoblins (D:3)
  A quokka (D:4)
  A frilled lizard (D:3)
  2 kobolds (D:3)
  A leopard gecko zombie (D:3)
  A rat (D:3)
82 creatures vanquished.

Vanquished Creatures (others)
  11 hexers
  4 ancestors
15 creatures vanquished.

Grand Total: 330 creatures vanquished

Notes
Turn   | Place    | Note
-------+----------+-------------------------------------------
     0 | D:1      | komo4ek the Deep Elf Fire Elementalist began the quest for the Orb.
     0 | D:1      | Reached XP level 1. HP: 10/10 MP: 6/6
   153 | D:1      | Reached XP level 2. HP: 11/15 MP: 1/8
   610 | D:1      | Reached XP level 3. HP: 18/19 MP: 3/10
  1037 | D:2      | Learned a level 2 spell: Throw Flame
  1131 | D:2      | Found a hide-covered altar of Uskayaw.
  1131 | D:2      | Found a glowing silver altar of Zin.
  1139 | D:2      | Found a hazy altar of Hepliaklqana.
  1141 | D:2      | Found an ornate altar of the Wu Jian Council.
  1143 | D:2      | Found a sacrificial altar of Ru.
  1201 | D:2      | Became a worshipper of Hepliaklqana the Forgotten
  1260 | D:2      | Reached skill level 4 in Spellcasting
  1448 | D:2      | Reached XP level 4. HP: 21/21 MP: 10/12
  1712 | D:2      | Found a burning altar of Makhleb.
  1717 | D:2      | Reached skill level 5 in Fire Magic
  1849 | D:2      | Found a runed door.
  2012 | D:2      | Noticed Crazy Yiuf
  2025 | D:2      | Killed Crazy Yiuf
  2310 | D:3      | Learned a level 3 spell: Conjure Flame
  2361 | D:3      | Reached XP level 5. HP: 25/25 MP: 14/14
  2488 | D:3      | Reached skill level 5 in Spellcasting
  2914 | D:3      | Reached XP level 6. HP: 19/28 MP: 13/16
  3100 | D:3      | Noticed p0werm0de's ghost (weakling DDFi)
  3106 | D:3      | Killed p0werm0de's ghost
  3226 | D:3      | Reached * piety under Hepliaklqana
  3574 | D:4      | Found Joqokaj's Distillery.
  3582 | D:4      | Bought a potion of heal wounds for 55 gold pieces
  3582 | D:4      | Bought a potion of heal wounds for 55 gold pieces
  3620 | D:4      | Reached skill level 6 in Spellcasting
  3732 | D:4      | Noticed Sigmund
  3738 | D:4      | Killed Sigmund
  3738 | D:4      | Reached XP level 7. HP: 28/32 MP: 12/19
  3740 | D:4      | Noticed Ijyb
  3751 | D:4      | Killed Ijyb
  3865 | D:4      | Reached skill level 7 in Spellcasting
  4017 | D:4      | Reached ** piety under Hepliaklqana
  4018 | D:4      | Remembered your ancestor Libusa as a hexer
  4271 | D:4      | Learned a level 3 spell: Inner Flame
  4298 | D:5      | Entered Level 5 of the Dungeon
  4308 | D:5      | Noticed Grinder
  4319 | D:5      | Killed Grinder
  4319 | D:5      | Reached XP level 8. HP: 21/36 MP: 12/21
  4504 | D:5      | Found a blossoming altar of Fedhas.
  4982 | D:5      | Reached skill level 8 in Spellcasting
  5043 | D:5      | Found a staircase to the Ecumenical Temple.
  5545 | D:5      | Reached skill level 1 in Invocations
  5772 | D:6      | Reached skill level 1 in Fighting
  5772 | D:6      | Reached skill level 1 in Armour
  6025 | D:6      | Found a deep blue altar of Sif Muna.
  6026 | D:6      | Found a shadowy altar of Dithmenos.
  6029 | D:6      | Found a shattered altar of Ashenzari.
  6029 | D:6      | Found a radiant altar of Vehumet.
  6098 | D:6      | Reached skill level 9 in Spellcasting
  6216 | D:6      | Learned a level 4 spell: Sticky Flame
  6236 | D:6      | Found a snail-covered altar of Cheibriados.
  6356 | D:6      | Reached *** piety under Hepliaklqana
  6824 | D:7      | Reached XP level 9. HP: 43/43 MP: 15/24
  8413 | D:8      | Found a shimmering altar of Xom.
  8518 | D:8      | Noticed a two-headed ogre
  8535 | D:8      | Killed a two-headed ogre
  8535 | D:8      | Reached skill level 10 in Spellcasting
  8590 | D:8      | Reached **** piety under Hepliaklqana
  8596 | D:8      | You fall through a shaft for 2 floors!
  8596 | D:10     | Entered Level 10 of the Dungeon
  8608 | D:10     | Reached skill level 5 in Dodging
  8752 | D:10     | Reached XP level 10. HP: 26/50 MP: 17/26
  9101 | D:9      | Noticed a centaur warrior
  9745 | D:10     | Found a staircase to the Lair.
 10017 | D:10     | Found Hyuwet's Assorted Antiques.
 10212 | D:8      | Found an ancient bone altar of Kikubaaqudgha.
 10379 | D:8      | Reached skill level 11 in Spellcasting
 10494 | D:8      | Reached ***** piety under Hepliaklqana
 11390 | D:9      | Reached skill level 5 in Conjurations
 11407 | D:9      | Found Voato's Assorted Antiques.
 11564 | D:9      | Found a stormy altar of Qazlal.
 12054 | D:11     | Learned a level 5 spell: Fireball
 12062 | D:11     | Learned a level 7 spell: Spellforged Servitor
 12106 | D:11     | Reached skill level 5 in Invocations
 12111 | D:11     | Reached skill level 1 in Hexes
 12176 | D:11     | Reached skill level 10 in Fire Magic
 12337 | D:11     | Reached XP level 11. HP: 34/54 MP: 12/28
 12574 | D:11     | Noticed a two-headed ogre
 12581 | D:11     | Killed a two-headed ogre
 12684 | D:11     | Found a staircase to the Orcish Mines.
 13441 | D:12     | Noticed Nessos
 13465 | D:13     | Noticed a centaur warrior
 13468 | D:12     | Shot with an arrow by Nessos

Skill      XL: |  1  2  3  4  5  6  7  8  9 10 11 |
---------------+----------------------------------+-----
Fire Magic     | 4 5 6 7 9 10 | 10.3
Spellcasting   | 4 5 6 7 9 10 11 | 11.8
Invocations    | 2 4 5 |  5.9
Dodging        | 3 5 6 7 |  7.1
Fighting       | 1 3 4 |  4.4
Armour         | 1 3 4 |  4.5
Conjurations   | 2 4 5 7 |  7.0
Hexes          | 2 3 |  3.7
Stealth        | |  2.4

Action                   |  1- 3 |  4- 6 |  7- 9 | 10-12 || total
-------------------------+-------+-------+-------+-------++-------
Melee: Short sword       |     5 |       |       |       ||     5
       Quarterstaff      |       |    11 |    33 |    33 ||    77
 Cast: Flame Tongue      |    84 |    76 |   118 |    93 ||   371
       Conjure Flame     |       |     1 |    10 |    11 ||    22
       Throw Flame       |       |       |    50 |    97 ||   147
       Inner Flame       |       |       |     7 |    21 ||    28
       Sticky Flame      |       |       |     1 |    23 ||    24
       Fireball          |       |       |       |     3 ||     3
Invok: Recall Ancestor   |       |     1 |     2 |     1 ||     4
       Ancestor Life: He |       |       |     1 |       ||     1
Evoke: Wand              |       |       |    11 |     1 ||    12
  Use: Scroll            |       |       |     6 |     5 ||    11
       Potion            |       |       |       |     1 ||     1
 Stab: Sleeping          |       |     2 |     1 |     1 ||     4
  Eat: Chunk             |     1 |     3 |     3 |     1 ||     8
       Ration            |       |     1 |     4 |     4 ||     9
Armor: Robe              |     2 |    10 |    15 |     5 ||    32
       Troll leather arm |       |       |       |    43 ||    43
Dodge: Dodged            |    27 |    37 |    61 |    79 ||   204
